 Dungeon Crawl Stone Soup version 0.20-a0-785-g17250f0 (webtiles) character file.

7 Gorice the Slasher (level 2, 0/24 HPs)
             Began as a Barachian Monk on Feb 27, 2017.
             Slain by a gnoll
             ... wielding a +0 spear
              (3 damage)
             ... on level 1 of the Dungeon.
             The game lasted 00:02:20 (584 turns).

Gorice the Slasher (Barachian Monk)                  Turns: 584, Time: 00:02:20

Health: 0/24       AC:  6    Str: 12    XL:     2   Next: 4%
Magic:  2/2        EV: 11    Int: 10    God:
Gold:   28         SH:  0    Dex: 14    Spells: 1/1 levels left

rFire    . . .     SeeInvis .   a - +0 falchion
rCold    . . .     Gourm    .   k - +0 ring mail
rNeg     . . .     Faith    .   (no shield)
rPois    .         Spirit   .   (no helmet)
rElec    .         Reflect  .   (no cloak)
rCorr    .         Harm     .   g - +0 pair of gloves
MR       .....                  (no boots)
Stlth    +.........             (no amulet)
Regen    0.1/turn               (no ring)
MPRegen  0.1/turn               (no ring)

@: slow
A: +LOS, swims, slowness 1, strong legs 1
a: Hop


You were on level 1 of the Dungeon.
You were not hungry.

You visited 1 branch of the dungeon, and saw 1 of its levels.

You collected 28 gold pieces.

Inventory:

Hand Weapons
 a - a +0 falchion (weapon)
Missiles
 d - 18 bolts
 Z - 18 stones (quivered)
Armour
 b - a +0 robe
 g - a +0 pair of gloves (worn)
 k - a +0 ring mail (worn)
Scrolls
 e - a scroll of recharging {unknown}
 h - a scroll of remove curse
 j - a scroll of teleportation {unknown}
Potions
 i - a potion of ambrosia {unknown}
 l - a potion of cancellation {unknown}
Comestibles
 c - a bread ration {!e}


   Skills:
 - Level 3.6 Fighting
 * Level 4.3 Long Blades
 - Level 3.2 Dodging
 - Level 1.7 Stealth


You had one spell level left.
You didn't know any spells.

Dungeon Overview and Level Annotations

Branches:
Dungeon (1/15)

Altars:


Innate Abilities, Weirdness & Mutations

Shadows flee at your approach. (+LOS)
You can swim through water.
You cover ground slowly.
You can hop short distances.


Message History

You throw a stone. The stone hits the gnoll.
The gnoll is lightly wounded.
The gnoll hits you with a spear!
Damage: 9 (max 9)
You hit the gnoll.
The gnoll is moderately wounded.
The gnoll hits you with a spear.
* * * LOW HITPOINT WARNING * * *
The gnoll hits you with a spear.
* * * LOW HITPOINT WARNING * * *
Damage: 4 (max 9)
You hit the gnoll.
The gnoll is moderately wounded.
The gnoll closely misses you.
You riposte.
You hit the gnoll.
The gnoll is moderately wounded.
Unknown command.
Okay, then.
You hit the gnoll but do no damage.
The gnoll is moderately wounded.
The gnoll hits you with a spear.
* * * LOW HITPOINT WARNING * * *
Damage: 1 (max 9)
You closely miss the gnoll.
The gnoll is moderately wounded.
The gnoll closely misses you.
Unknown command.
You barely miss the gnoll.
The gnoll is moderately wounded.
The gnoll hits you with a spear.
* * * LOW HITPOINT WARNING * * *
Damage: 6 (max 9)
You hit the gnoll.
The gnoll is heavily wounded.
The gnoll hits you with a spear.
* * * LOW HITPOINT WARNING * * *
Damage: 1 (max 9) Unknown command.
As you read the scroll labeled XOUZXO ANAVE, it crumbles to dust.
You feel blessed for a moment.
It was a scroll of remove curse.
The gnoll hits you with a spear.
* * * LOW HITPOINT WARNING * * *
Damage: 2 (max 9) Unknown command.
It was a potion of curing.
You feel better. The gnoll hits you with a spear.
* * * LOW HITPOINT WARNING * * *
You hit the gnoll.
The gnoll is heavily wounded.
The gnoll hits you but does no damage.
The gnoll hits you from afar with a spear.
You die...

......##.#.#.####.....#.#........
......##.#.#.# #.....#.#........
#.....##.#.#.#####+##.#.#........
#..........#.......##.#.#......##
##....##.#######.$....#.#).....##
......................#.##+###...
............................!....
###..................#..#.......#
#.......######@.g((((.?.......#
#......#######.......(........#
#......#.....#####........#####
#......#.....########+##..#####
######.'..8.<#......#..#..##...
###.....#......##.#..##...
#.....#......+.....##...
#######......##.....+...
########'####..#.##...


You could see a gnoll.

Vanquished Creatures
  A giant cockroach (D:1)
  A goblin (D:1)
  2 hobgoblins (D:1)
  A bat (D:1)
  A frilled lizard (D:1)
  A rat (D:1)
7 creatures vanquished.

Notes
Turn   | Place    | Note
-------+----------+-------------------------------------------
     0 | D:1      | Gorice the Barachian Monk began the quest for the Orb.
     0 | D:1      | Reached XP level 1. HP: 18/18 MP: 1/1
   249 | D:1      | Reached skill level 4 in Long Blades
   554 | D:1      | Reached XP level 2. HP: 21/24 MP: 2/2
   579 | D:1      | HP: 4/24 [gnoll/spear (6)]
   581 | D:1      | HP: 1/24 [gnoll/spear (2)]
   584 | D:1      | Slain by a gnoll

Vault maps used:
D:1:      minmay_arrival_solitary_statue

Skill      XL: |  1 |
---------------+----+-----
Long Blades    | 4 |  4.3
Fighting       | |  3.6
Dodging        | |  3.2
Stealth        | |  1.7

Action                   || total
-------------------------++-------
Melee: Falchion          ||    29
Throw: Stone             ||     5
  Use: Scroll            ||     1
       Potion            ||     1
Armor: Ring mail         ||     3
       Robe              ||     1
Dodge: Dodged            ||    19
       Rpst.: Falchion   ||     8

Table legend:
 A = Turns spent in this place as a percentage of turns spent in the entire game.
 B = Non-inter-level travel turns spent in this place as a percentage of non-inter-level travel turns spent in the entire game.
 C = Inter-level travel turns spent in this place as a percentage of turns spent in this place.
 D = Turns resting spent in this place as a percentage of non-inter-level travel turns spent in this place.
 E = Turns spent auto-exploring this place as a percentage of non-inter-level travel turns spent in this place.
 F = Non-inter-level travel turns spent in this place divided by the number of levels of this place that you've seen.
                   A       B       C       D       E      F
               +-------+-------+-------+-------+-------+----------------------
         Total | 100.0 | 100.0 |   0.0 |   0.0 |   7.6 | 211.0
       Dungeon | 100.0 | 100.0 |   0.0 |   0.0 |   7.6 | 211.0
               +-------+-------+-------+-------+-------+----------------------

Vault maps used:
D:1:      minmay_arrival_solitary_statue
